AoeStats
← 2204528

Arena

510812308Analyzed
4v4 RM · 12h ago on Oct 2, 2026· 46m 30s· 8 players
Game mode
Random Map
Map size
Large (8 player)
Population
200
Speed
Normal
Resources
Standard
Victory
Conquest
Starting age
Dark Age
Ending age
Imperial Age
RankedLock teamsTeams togetherTeam positionsShared explorationLock speedFull tech treeHidden civsTurbo modeCheats
Victory
Defeat
🇹🇷 Bengalis · Türkiye
1160
+14
🇬🇷 Mongols · Greece
1142
+15
🇪🇸 Poles · Spain
1120
+16
🇬🇧 Turks · United Kingdom
1085
+17
🇨🇳 Jurchens · China
1147
-17
🇲🇽 Byzantines · Mexico
1146
-17
🇺🇸 Aztecs · United States
1084
-14
🇦🇷 Persians · Argentina
1079
-14
Note1984
11:38 Feudal Age
15:47 Castle Age
15:06 Double-Bit Axe
15:03 Horse Collar
16:51 Bow Saw
17:06 Heavy Plow
18:08 Forging
19:46 Fervor
20:24 Iron Casting
20:41 Scale Barding Armor
21:51 Gold Mining
22:55 Stone Mining
25:24 Wheelbarrow
24:35 Loom
26:13 Stone Shaft Mining
26:45 Hand Cart
30:01 Imperial Age
28:28 Szlachta Privileges
28:47 Husbandry
28:59 Bloodlines
31:15 Chain Barding Armor
31:21 Conscription
30:27 Cavalier
33:12 Crop Rotation
33:46 Blast Furnace
34:54 Fletching
35:12 Town Watch
37:05 Scale Mail Armor
37:00 Bodkin Arrow
37:45 Siege Engineers
38:01 Ballistics
38:41 Chemistry
37:22 Treadmill Crane
37:37 Murder Holes
37:53 Masonry
37:54 Fortified Wall
How Do You Turn This Off
12:42 Feudal Age
16:18 Castle Age
20:37 Imperial Age
18:16 Double-Bit Axe
18:30 Gold Mining
33:24 Bow Saw
33:51 Loom
34:38 Fletching
34:48 Padded Archer Armor
38:34 Wheelbarrow
37:44 Town Watch
40:15 Gold Shaft Mining
40:46 Two-Man Saw
42:52 Bodkin Arrow
43:12 Leather Archer Armor
44:28 Ballistics
43:52 Treadmill Crane
45:47 Horse Collar
KODZHA
10:34 Feudal Age
15:03 Castle Age
14:12 Double-Bit Axe
14:29 Man-at-Arms
17:16 Wheelbarrow
19:10 Gold Mining
19:27 Horse Collar
25:32 Fletching
25:43 Padded Archer Armor
28:13 Bodkin Arrow
30:02 Heavy Plow
33:18 Devotion
33:44 Leather Archer Armor
34:09 Ballistics
36:39 Bloodlines
36:30 Husbandry
37:15 Scale Barding Armor
37:36 Loom
38:06 Hand Cart
38:05 Bow Saw
37:46 Stone Mining
38:31 Gold Shaft Mining
44:09 Imperial Age
41:33 Town Watch
43:08 Chain Barding Armor
45:52 Bracer
46:22 Ring Archer Armor
46:55 Chemistry
46:50 Conscription
45:51 Elite Ratha (Ranged)
46:04 Elite Battle Elephant
46:16 Elite Elephant Archer
gpal23
12:25 Feudal Age
12:55 Horse Collar
17:10 Castle Age
15:30 Double-Bit Axe
18:37 Bow Saw
18:20 Fletching
20:06 Bodkin Arrow
22:18 Wheelbarrow
23:41 Padded Archer Armor
25:12 Heavy Plow
27:37 Hand Cart
29:47 Bloodlines
29:38 Husbandry
33:23 Imperial Age
31:11 Leather Archer Armor
31:07 Squires
32:26 Ballistics
33:04 Thumb Ring
33:10 Scale Barding Armor
34:07 Forging
35:30 Chemistry
34:32 Bracer
35:17 Parthian Tactics
34:53 Stone Mining
35:39 Conscription
35:43 Siege Engineers
36:05 Chain Barding Armor
36:31 Elite Steppe Lancer
39:41 Elite Mangudai
RaulelPiadoso
10:09 Feudal Age
10:44 Double-Bit Axe
15:25 Loom
17:58 Castle Age
17:30 Forging
18:53 Horse Collar
22:51 Bow Saw
24:23 Gold Mining
24:29 Fletching
25:23 Bodkin Arrow
27:35 Elite Skirmisher
28:18 Padded Archer Armor
28:41 Fortified Wall
31:31 Leather Archer Armor
2204528
10:57 Feudal Age
15:44 Castle Age
15:01 Double-Bit Axe
16:05 Stone Mining
18:15 Stone Shaft Mining
28:37 Wheelbarrow
32:57 Imperial Age
33:14 Bow Saw
32:49 Horse Collar
33:26 Hand Cart
33:04 Gold Mining
33:37 Scale Barding Armor
33:43 Forging
34:00 Conscription
36:41 Chain Barding Armor
36:57 Iron Casting
37:14 Gold Shaft Mining
37:15 Husbandry
37:25 Bloodlines
36:36 Elite Steppe Lancer
40:00 Plate Barding Armor
40:26 Blast Furnace
45:39 Squires
45:25 Arson
45:02 Pikeman
45:59 Scale Mail Armor
actions speak loudr than wololoo
10:44 Feudal Age
14:38 Castle Age
14:15 Gold Mining
14:11 Double-Bit Axe
18:25 Redemption
20:11 Sanctity
26:06 Bow Saw
29:26 Fervor
32:37 Imperial Age
32:11 Eagle Warrior
33:21 Forging
33:11 Scale Mail Armor
33:11 Pikeman
35:11 Elite Eagle Warrior
35:52 Squires
36:25 Garland Wars
38:34 Iron Casting
38:14 Chain Mail Armor
38:56 Conscription
39:16 Chain Mail Armor
41:46 Blast Furnace
41:16 Plate Mail Armor
41:59 Plate Mail Armor
Duck Rattlehead
4:38 Loom
11:45 Feudal Age
12:56 Double-Bit Axe
15:27 Castle Age
13:23 Horse Collar
20:41 Wheelbarrow
19:53 Town Watch
25:31 Heavy Plow
25:42 Bow Saw
25:50 Hand Cart
27:14 Scale Barding Armor
26:56 Light Cavalry
27:47 Bloodlines
27:37 Husbandry
28:07 Forging
30:48 Iron Casting
35:23 Imperial Age
33:43 Chain Barding Armor
33:13 Fletching
33:24 Padded Archer Armor
Connection lost

Rejoining the realm…

Still unreachable

The connection could not be restored.

Session expired

The server has moved on; the page needs a fresh start.